 Dungeon Crawl Stone Soup version 0.30-a0-475-g03497ec522 (webtiles) character file.

Game seed: 7497169924392470647

12 IdlyInterested the Chucker (level 2, -5/19 HPs)
             Began as a Demonspawn Wanderer on Dec 20, 2022.
             Slain by a gnoll
             ... wielding a +0 whip
              (6 damage)
             ... on level 1 of the Dungeon.
             The game lasted 00:02:08 (513 turns).

IdlyInterested the Chucker (Demonspawn Wanderer)     Turns: 513, Time: 00:02:08

Health: -5/19      AC:  3    Str: 16    XL:     2   Next: 20%
Magic:  2/2        EV: 11    Int: 10    God:
Gold:   29         SH:  9    Dex: 11    Spells: 1/1 levels left

rFire   . . .      SeeInvis +    c - +0 hand axe
rCold   . . .      Faith    .    d - +0 buckler
rNeg    . . .      Spirit   .    f - +0 leather armour
rPois   .          Reflect  +    (no helmet)
rElec   .          Harm     .    (no cloak)
rCorr   .          Rampage  .    (no gloves)
Will    .....                    (no boots)
Stlth   +.........               g - amulet of reflection
HPRegen 0.23/turn                k - ring of see invisible
MPRegen 0.08/turn                (no ring)

@: no status effects
A: powered by pain 1
a: no special abilities


You were on level 1 of the Dungeon.
You visited 1 branch of the dungeon, and saw 1 of its levels.

You collected 29 gold pieces.

Inventory:

Hand Weapons
 a - a +2 dagger
 c - a +0 hand axe (weapon)
 j - a +0 spear
Missiles
 b - 4 curare-tipped darts
 i - 8 stones
 l - 4 poisoned darts (quivered)
Armour
 d - a +0 buckler (worn)
 f - a +0 leather armour (worn)
Magical Staves
 p - a staff of air
Jewellery
 g - an amulet of reflection (around neck)
 k - a ring of see invisible (left hand)
Scrolls
 e - a scroll of vulnerability
 h - 2 scrolls of enchant weapon {unknown}
 m - 2 scrolls of teleportation {unknown}
 n - a scroll of brand weapon {unknown}
 q - a scroll of silence {unknown}
Potions
 o - a potion of mutation {unknown}


   Skills:
 * Level 0.3 Fighting
 - Level 1.0 Axes
 * Level 4.9 Throwing
 - Level 1.0 Armour
 - Level 1.0 Dodging
 - Level 1.7 Shields


You had one spell level left.
You didn't know any spells.
Your spell library was empty.

Dungeon Overview and Level Annotations

Branches:
Dungeon (1/15)

Altars:

Shops:
D:1 *


Innate Abilities, Weirdness & Mutations

You sometimes gain a little power by taking damage.


Message History

HP restored.
You open the door.
There is an open door here.
You open the door.
Found an escape hatch in the floor.
There is an open door here.
You see here a staff of air.
p - a staff of air
q - a scroll labelled RIDISHEVUDAA
There is an escape hatch in the floor here.
A frilled lizard and a ball python come into view.
The ball python hisses angrily.
The frilled lizard hisses angrily.
You closely miss the ball python.
The ball python bites you but does no damage.
You block the ball python's attack.
You hit the ball python.
The ball python is severely wounded.
The ball python closely misses you. The ball python grabs you.
The ball python constricts you. The ball python barely misses you.
The ball python constricts you.
You hit the ball python.
You kill the ball python!
You slash the frilled lizard!
You kill the frilled lizard!
You see here a ball python corpse.
h - 2 scrolls labelled KOCECOMAAWK (gained 1)
m - 2 scrolls labelled WYUKAC CETIT (gained 1)
A gnoll comes into view. It is wielding a +0 whip.
The gnoll shouts!
The gnoll hits you with a +0 whip!
You hit the gnoll but do no damage. The gnoll barely misses you.
The gnoll hits you with a +0 whip!
You hit the gnoll.
The gnoll is lightly wounded.
The gnoll hits you with a +0 whip.
* * * LOW HITPOINT WARNING * * *
You hit the gnoll.
The gnoll is lightly wounded.
The gnoll hits you with a +0 whip.
You die...

#.####.#.#.#
#.........##.####.
#........#.#.###.####......#
#. ######.###.#.# #.#
#####..####. #.# #.#.#
#.#########...... #.# #.#.#
#...........###.. #.# #.#.#
############# ##. #.# #.#.#
#. #.###.#.#########
########. #.........@g....#
......... #####.#.#######.#
########. #.#.# #. #.#.# #.
#.#.# #######. #.#.#
...8.... #.#.# #. ........
#.#.# #. ........ #.#
#.#♣.......


You could see a gnoll.

Vanquished Creatures
  A dart slug (D:1)
  A ball python (D:1)
  A bat (D:1)
  A giant cockroach (D:1)
  2 hobgoblins (D:1)
  A quokka (D:1)
  A frilled lizard (D:1)
  A rat (D:1)
9 creatures vanquished.

Notes
Turn   | Place    | Note
-------+----------+-------------------------------------------
     0 | D:1      | IdlyInterested the Demonspawn Wanderer began the quest for
                  | the Orb.
     0 | D:1      | IdlyInterested set off with the following items: a +2
                  | dagger, 4 curare-tipped darts, a +0 hand axe, a +0 buckler,
                  | a scroll of vulnerability, a +0 leather armour.
     0 | D:1      | Reached XP level 1. HP: 13/13 MP: 1/1
   214 | D:1      | Found Attegim's Assorted Antiques.
   304 | D:1      | Found a faded altar of an unknown god.
   322 | D:1      | Gained mutation: You sometimes gain a little power by
                  | taking damage. [demonic ancestry]
   322 | D:1      | Reached XP level 2. HP: 17/19 MP: 2/2
   513 | D:1      | Slain by a gnoll

Illustrated notes

Levels and vault maps discovered:
D:1:      dpeg_arrival_simpleton_b, layout_basic,
          hellmonk_ecumenical_altar_arch_garden, serial_shops, shop_statue

Action                   || total
-------------------------++-------
Melee: Hand axe          ||    25
Armor: Leather armour    ||     2
Dodge: Dodged            ||    14
Block: Buckler           ||     6

Table legend: (Time is in decaauts)
 A = Elapsed time spent in this place.
 B = Non-inter-level travel time spent in this place.
 C = Inter-level travel time spent in this place.
 D = Time resting spent in this place.
 E = Time spent auto-exploring this place.
 F = Levels seen in this place.
 G = Mean time per level.
                   A        B        C        D        E       F      G
               +--------+--------+--------+--------+--------+-----+--------+
         Total |    518 |    518 |      0 |      9 |    371 |   1 |  518.0 |
       Dungeon |    518 |    518 |      0 |      9 |    371 |   1 |  518.0 |
               +--------+--------+--------+--------+--------+-----+--------+

Top non-repeatable levels by time:
     D:1: 518 daAuts
